Unix NetHack Version 3.7.0-101 Work-in-progress - last build Mar 25 2024 11:18:41 (462964f8eaac915e699fc3a71b43428251fec12b,branch:master). Game began 2024-03-29 13:43:25, ended 2024-03-29 15:39:55. Gilette, lawful male human Samurai ----- ------- |...------ --|.....| |....@...| |.+.....| |.``..T.Q| |-|.....|-- -------.---- |.+.....+.| |.........-- |-|.....|.| |..........| |.+.....|.| |..........| --|.....|.| -----[-------- ------|.| |..%....%/...| |.| |).=.........| |.| --------.----| |.| |.``........| |.| |........%..| |.| -------.------ |.| |.......----------------.| |>.....................^.| -------------------------- Gilette the Joshu St:11 Dx:17 Co:18 In:14 Wi:12 Ch:9 Lawful Dlvl:5 $:2109 HP:0(92) Pw:42(42) AC:2 Xp:10/7240 T:12915 Burdened Latest messages: Konnichi wa Gilette, the human Samurai, welcome back to NetHack! Your movements are slowed slightly because of your load. What do you want to write with? The wand is too worn out to engrave. What do you want to write with? Never mind. What do you want to zap? Never mind. What do you want to write with? Never mind. What do you want to write with? You engrave in the floor with an uncursed wand of digging. What do you want to engrave in the floor here? Elbereth Gravel flies up from the floor. P0werm0de turns to flee. P0werm0de turns into a woman-at-arms! Tromix turns into a jabberwock! Tromix turns into an orange dragon! Tromix breathes sleep gas! The blast of sleep gas hits you! The blast of sleep gas bounces! Tromix turns into a Woodland-elf! Tromix turns into a brigand! Cathartes turns into an ape! You dream that you hear a thud. You dream that you hear a clank. You dream that you hear a clank. The troll wields a ranseur! The troll bashes with her ranseur. The troll hits! The troll hits! The troll bites! The troll bashes with her ranseur. The troll hits! The troll hits! The troll bites! Cathartes picks up a golden potion. The combat suddenly awakens you. You hit the troll! You miss the troll. The troll bashes with her ranseur. The troll hits! The troll hits! The troll bites! Cathartes drinks a golden potion! Cathartes seems more experienced. The troll bashes with her ranseur. The troll hits! The troll hits! You die... Inventory: Coins ('$') $ - 2109 gold pieces Weapons (')') K - an uncursed thoroughly corroded +0 katana (wielded in left hand) m - the blessed rustproof +1 Snickersnee (wielded in right hand) Armor ('[') s - a blessed rustproof +1 kabuto (being worn) q - an uncursed +0 pair of elven boots (being worn) p - a cursed fireproof +0 cloak of displacement (being worn) D - a blessed +1 elven mithril-coat (being worn) Comestibles ('%') S - 4 uncursed gunyoki O - 2 cursed gunyoki y - an uncursed melon k - an uncursed tripe ration Scrolls ('?') i - a cursed scroll of blank paper R - 2 uncursed scrolls of earth Q - 2 uncursed scrolls of teleportation Potions ('!') C - an uncursed potion of healing E - 2 uncursed potions of object detection W - a potion of holy water J - an uncursed potion of water Rings ('=') b - an uncursed ring of free action (on right hand) h - a cursed ring of hunger X - an uncursed -2 ring of protection (on left hand) d - an uncursed ring of warning z - an uncursed ring of warning Wands ('/') Y - a cursed wand of cold (0:2) H - an uncursed wand of create monster (0:12) U - an uncursed wand of digging (0:5) v - an uncursed wand of digging (0:1) A - a cursed wand of digging (0:6) j - a cursed wand of digging (0:5) u - an uncursed wand of fire (0:0) t - an uncursed wand of polymorph (0:5) e - an uncursed wand of speed monster (0:3) l - an uncursed wand of striking (0:2) x - an uncursed wand of striking (0:2) w - an uncursed wand of striking (0:0) Z - an uncursed wand of undead turning (0:6) Tools ('(') f - an uncursed blindfold o - an uncursed brass lantern B - an uncursed can of grease (0:19) a - a cursed leash r - a blessed oil lamp G - an uncursed osaku P - an uncursed skeleton key c - an uncursed +0 unicorn horn Gems/Stones ('*') L - 2 uncursed citrine stones V - 2 uncursed worthless pieces of black glass n - an uncursed worthless piece of blue glass I - 2 uncursed worthless pieces of orange glass N - an uncursed worthless piece of red glass T - an uncursed worthless piece of white glass M - an uncursed worthless piece of yellow glass g - 3 uncursed worthless pieces of yellowish brown glass F - a blessed flint stone Gilette the Samurai's attributes: Background: You were a Joshu, a level 10 male human Samurai. You were lawful, on a mission for Amaterasu Omikami who was opposed by Raijin (neutral) and Susanowo (chaotic). You were right-handed. You were in Sokoban, on level 5. You entered the dungeon 12915 turns ago. You had 7240 experience points, 2760 more were needed to attain level 11. Basics: You had 0 out of 92 hit points. You had all 42 energy points (spell power). Your armor class was 2. Your wallet contained 2109 zorkmids. Autopickup was on for '$?!"=/*' plus thrown, with exceptions. Final Characteristics: Your strength was 11 (peak:18, limit:18/100). Your dexterity was 17 (peak:18, limit:18). Your constitution was 18 (limit:18). Your intelligence was 14 (limit:18). Your wisdom was 12 (limit:18). Your charisma was 9 (limit:18). Final Status: You weren't hungry. You were burdened; movement was slightly slowed. You were wielding two weapons at once. Your skill in long sword was limited by being skilled with two weapons. Final Attributes: You were piously aligned. You were cold resistant. You were poison resistant. You were telepathic. You were displaced. You were stealthy. You had a small defense penalty (-2). You were protected. You were fast. You had free action. You are dead. Miscellaneous: You never encountered a bones level. Total elapsed playing time was 1 hour, 55 minutes and 1 second. Major events: Turn 1: Gilette the lawful male human Samurai entered the dungeon 1007: attained the rank of Ronin (level 3) 1396: entered the Gnomish Mines 1845: attained the rank of Ninja (level 6) 2559: reached Mine Town 9249: was bestowed with Snickersnee by Amaterasu Omikami 9933: consulted the Oracle 10639: attained the rank of Joshu (level 10) 10663: entered Sokoban 10932: completed 1st Sokoban level 11368: completed 2nd Sokoban level 11811: completed 3rd Sokoban level 12915: killed by a troll Vanquished creatures: 4 black puddings 2 giant mimics a wumpus a stalker a giant mummy an elf-noble 2 small mimics a xan a djinni a gelatinous cube a pyrolisk a freezing sphere a large cat a tiger an energy vortex a wraith 4 Grey-elves an amorous demon a giant beetle a quivering blob a cockatrice 2 wolves a winter wolf cub 3 leprechauns 2 iron piercers a giant spider 2 horses 2 black lights 2 gnome rulers 2 orc mummies 4 ogres an owlbear 2 werewolves 2 lizards a dingo 2 dogs a housecat a jaguar 2 blue jellies 2 black unicorns 3 dust vortices a raven 3 plains centaurs 5 snakes 4 water moccasins 10 apes 2 rope golems 4 Woodland-elves 4 soldier ants a fire ant a quasit 2 wood nymphs 3 water nymphs 13 Mordor orcs 10 Uruk-hai an orc shaman 5 rock piercers 2 ponies 3 fog clouds 6 yellow lights a violet fungus 8 gnome leaders 3 gnomish wizards 3 kobold mummies a golden naga hatchling 3 gray oozes 5 giant ants a little dog 4 floating eyes 3 dwarves 2 homunculi a kobold leader 2 hill orcs 3 rothes 3 centipedes 2 giant bats 5 monkeys an orc zombie 3 iguanas 12 killer bees 15 acid blobs 4 coyotes a gas spore a hobbit a hobgoblin 7 giant rats 8 cave spiders a brown mold a yellow mold 2 green molds a red mold 29 gnomes 4 garter snakes 2 gnome zombies 9 geckos 11 jackals a fox 3 goblins 2 grid bugs 4 bats 6 lichens 11 newts 337 creatures vanquished. No species were genocided or became extinct. Voluntary challenges: You read items or engraved 24 times. You engraved Elbereth 9 times. You never genocided any monsters. You never polymorphed an object. You used no wishes. You violated the special Sokoban rules once. Achievements: You entered a shop. You attained the rank of Ronin. You entered the Gnomish Mines. You attained the rank of Ninja. You entered Minetown. You entered a temple. You consulted the Oracle of Delphi. You attained the rank of Joshu. You entered Sokoban. The Dungeons of Doom: levels 1 to 10 Level 1: Level 2: Level 3: Level 4: Stairs down to The Gnomish Mines. Level 5: An altar to Amaterasu Omikami, a fountain. Level 6: A fountain. Level 7: A fountain, a sink. Level 8: Many fountains. Oracle of Delphi. Level 9: Stairs up to Sokoban, level 8. Level 10: The Gnomish Mines: levels 5 to 8 Level 5: Level 6: Level 7: Level 8: A temple and an altar, some fountains, a sink. Sokoban: levels 8 up to 5 Level 5: <- You were here. Unsolved. Final resting place for you, killed by a troll. Level 6: Solved. Level 7: Solved. Level 8: Solved. Game over: ---------- / \ / REST \ / IN \ / PEACE \ / \ | Gilette | | 2109 Au | | killed by a | | troll | | | | | | 2024 | *| * * * | * _________)/\\_//(\/(/\)/\//\/|_)_______ Sayonara Gilette the Samurai... You died in Sokoban on dungeon level 5 with 31489 points, and 2109 pieces of gold, after 12915 moves. You were level 10 with a maximum of 92 hit points when you died.